 Dungeon Crawl Stone Soup version 0.18-a0-1372-gd644665 (webtiles) character file.

3915 M4edhros the Immaculate (level 10, -2/63 HPs)
             Began as an Octopode Monk on Feb 21, 2016.
             Was a High Priest of Zin.
             Slain by an orc wizard
             ... wielding a +0 dagger
              (6 damage)
             ... on level 8 of the Dungeon.
             The game lasted 00:29:19 (9604 turns).

M4edhros the Immaculate (Octopode Monk)             Turns: 9604, Time: 00:29:19

Health: -2/63      AC:  1    Str: 11    XL:     10   Next: 20%
Magic:  36/36      EV: 12    Int: 13    God:    Zin [*****.]
Gold:   350        SH:  4    Dex: 17    Spells: 0 memorised, 9 levels left

rFire  . . .     SeeInvis .       - Unarmed
rCold  + . .     Gourm    .     o - +0 buckler
rNeg   . . .     Faith    .     (helmet restricted)
rPois  .         Spirit   .     (no amulet)
rElec  .         Dismiss  .     u - ring of magical power
rCorr  +         Reflect  .     j - ring of sustain attributes
SustAt +         Harm     .     h - ring of resist corrosion
MR     .....                    m - ring of magical power
Stlth  +++++++...               v - ring of protection from cold
                                C - ring of stealth
                                (no ring)
                                (no ring)

@: short of breath, drained, not resistant to hostile enchantments, extremely
stealthy
A: almost no armour, amphibious, 8 rings, constrict 8, camouflage 1, gelatinous
body 1
a: Recite, Vitalisation, Imprison, Sanctuary, Donate Gold, Renounce Religion


You were on level 8 of the Dungeon.
You worshipped Zin.
Zin was extremely pleased with you.
You were near starving.

You visited 2 branches of the dungeon, and saw 10 of its levels.

You collected 478 gold pieces.
You spent 81 gold pieces at shops.
You donated 47 gold pieces to Zin.

Inventory:

Hand Weapons
 i - a +0 hunting sling
 t - a +1 hunting sling of freezing
 y - a +5 blowgun
 F - a +1 flail of protection
Missiles
 b - 209 stones (quivered)
 w - 5 curare-tipped needles
Armour
 o - a +0 buckler (worn)
Jewellery
 h - a ring of resist corrosion (on tentacle)
 j - a ring of sustain attributes (right tentacle)
 m - a ring of magical power (on tentacle)
 u - a ring of magical power (left tentacle)
 v - a ring of protection from cold (on tentacle)
 B - an uncursed amulet of harm
 C - a ring of stealth (on tentacle)
Wands
 f - a wand of confusion (46/48)
 l - a wand of enslavement (10/24)
 D - a wand of iceblast (7/15)
Scrolls
 e - 2 scrolls of identify
 p - 3 scrolls of remove curse
 s - 7 scrolls of enchant armour
Potions
 n - a potion of brilliance
 q - a potion of magic
 r - a potion of cure mutation
 x - a potion of cancellation
Books
 z - a book of the Warp

   Spells                             Type                      Level
   a - Recall                         Summoning/Translocation      3
   b - Gell's Gravitas                Hexes/Translocation          3
   c - Force Lance                    Conjuration/Translocation    4
   d - Warp Weapon                    Charms/Translocation         5
   e - Summon Forest                  Summoning/Translocation      5
Comestibles
 a - 8 bread rations
 c - 2 meat rations
 d - 8 slices of pizza
 g - 6 fruits
 E - 2 beef jerkies


   Skills:
 - Level 3.0(2.3) Fighting
 - Level 3.0(2.3) Dodging
 - Level 10.2(9.4) Stealth
 + Level 8.6(7.8) Unarmed Combat
 * Level 10.8(9.9) Invocations


You had 9 spell levels left.
You didn't know any spells.

Dungeon Overview and Level Annotations

Branches:
Dungeon (9/15)             Temple (1/1) D:4
   Lair: D:8-11         Orc: D:9-12

Altars:
Ashenzari
Cheibriados
Dithmenos
Elyvilon
Fedhas
Makhleb
Nemelex Xobeh
Okawaru
Pakellas
Ru
Trog
Vehumet
Yredelemnul
Zin
The Shining One

Shops:
D:2 }   D:5 *==

Annotations:
D:7 Joseph
D:8 telcontar's ghost, novice MiFi


Innate Abilities, Weirdness & Mutations

You cannot wear most types of armour.
You are amphibious.
You can wear up to eight rings at the same time.
You can use your tentacles to constrict eight enemies at once.
Your skin changes colour to match your surroundings (Stealth).
Your rubbery body absorbs attacks (AC +1).


Message History

You clear your throat and prepare to recite. "Zin descended from on high in a silver chariot..."
The wight is limned with silver light.
You hear a shout! "...to strike down the squalid dregs for their..."
The wight hits you with a morningstar!
* * * LOW HITPOINT WARNING * * *
You feel drained.
* * * LOW HITPOINT WARNING * * *
"...impurity, and thus judgement was rendered."
You finish reciting Abominations 26:39.
The orc wizard mumbles some strange words.
The orc wizard seems to speed up.
The orc wizard barely misses you. You block the orc wizard's attack.
Drink which item? (? for menu, Esc to quit)
Okay, then.
Read which item? (? for menu, Esc to quit)
Okay, then.
The orc wizard hits you with a dagger.
You die...

##.###.##...#..........[.
#..# #.......#.########..
#..###.#.....##.....)>..#
##......#.....#.####.#.###
#.)...../.......# #.#.#
#..#...###......# #.#.#
#..##.## #......# #.#.#
#.....####......# #.#.###
#..###..o@......####.#....
##.##
##z##..............## #.##
##.#.##...####.#.## #.#
#z..#..#..###.#.# #.##
##z###[###<.....z### ##.##
##.## #..#...........
##.###.## ##....###z.....
##>..## #..### #z.###.
##z## #..# #..# #.


You could see a wight and an orc wizard.

Vanquished Creatures
  Pikel (D:6)
  A troll (D:9)
  A hungry ghost (D:7)
  6 orc warriors
  A black bear (D:9)
  An ice beast (D:9)
  A sky beast (D:8)
  An ogre (D:7)
  A necrophage (D:6)
  2 phantoms
  A centaur (D:9)
  6 giant frogs
  2 scorpions
  5 wights (D:7)
  An electric eel (D:6)
  3 crimson imps
  3 giant frog zombies
  3 hounds
  6 orc priests
  A centaur skeleton (D:5)
  A giant frog skeleton (D:9)
  6 orc wizards
  2 iguanas
  4 worker ants
  2 hound zombies
  A hound skeleton (D:6)
  Robin (D:3)
  5 adders
  3 gnolls (D:8)
  An ooze (D:2)
  An adder zombie (D:8)
  3 worms
  5 giant geckos
  40 orcs
  6 giant cockroaches
  8 hobgoblins
  11 jackals
  8 kobolds
  4 quokkas
  8 bats
  7 giant newts
  10 goblins
  A jackal skeleton (D:5)
  A quokka zombie (D:9)
  4 rats
190 creatures vanquished.

Vanquished Creatures (collateral kills)
  A hound skeleton (D:5)
1 creature vanquished.

Vanquished Creatures (others)
  2 slaves (D:6)
  A centaur (D:5)
  An orc (D:5)
  A fungus (D:7)
5 creatures vanquished.

Grand Total: 196 creatures vanquished

Notes
Turn   | Place    | Note
--------------------------------------------------------------
     0 | D:1      | M4edhros the Octopode Monk began the quest for the Orb.
     0 | D:1      | Reached XP level 1. HP: 16/16 MP: 1/1
   100 | D:1      | Reached XP level 2. HP: 19/21 MP: 2/2
   801 | D:2      | Reached XP level 3. HP: 26/26 MP: 3/3
  1108 | D:2      | Found an oddly glowing altar of Pakellas.
  1108 | D:2      | Found Pakellas's Prime Provisions.
  1328 | D:3      | Noticed Robin
  1335 | D:3      | Killed Robin
  1335 | D:3      | Reached XP level 4. HP: 16/31 MP: 4/4
  1431 | D:3      | Reached skill level 5 in Stealth
  1544 | D:3      | Reached skill level 5 in Unarmed Combat
  1739 | D:3      | Reached XP level 5. HP: 18/36 MP: 5/5
  1743 | D:3      | Gained mutation: Your magical capacity is low (-10% MP). [potion of mutation]
  1743 | D:3      | Gained mutation: Your flesh is cold resistant. [potion of mutation]
  1744 | D:3      | Lost mutation: Your magical capacity is low (-10% MP). [potion of cure mutation]
  1744 | D:3      | Lost mutation: Your flesh is cold resistant. [potion of cure mutation]
  1808 | D:3      | Found an iron altar of Okawaru.
  2209 | D:4      | Found a staircase to the Ecumenical Temple.
  2219 | Temple   | Entered the Ecumenical Temple
  2269 | Temple   | Became a worshipper of Zin the Law-Giver
  2269 | Temple   | Reached * piety under Zin
  2269 | Temple   | Reached ** piety under Zin
  2395 | D:4      | Reached skill level 6 in Stealth
  2425 | D:4      | Reached skill level 1 in Invocations
  2478 | D:4      | Noticed a phantom
  2536 | D:4      | Reached *** piety under Zin
  2605 | D:4      | Reached XP level 6. HP: 42/42 MP: 7/7
  2694 | D:5      | Entered Level 5 of the Dungeon
  2694 | D:5      | Found Ymoisyme's Jewellery Shoppe.
  2911 | D:5      | Found Subleoxu's Assorted Antiques.
  2950 | D:5      | Bought a blue potion for 17 gold pieces
  2950 | D:5      | Bought a glowing blowgun for 47 gold pieces
  2950 | D:5      | Bought a dark potion for 17 gold pieces
  3183 | D:5      | Noticed a phantom
  3187 | D:5      | Killed a phantom
  3308 | D:5      | Found Gipeph's Jewellery Emporium.
  3430 | D:5      | Reached XP level 7. HP: 28/46 MP: 9/9
  3462 | D:5      | Reached skill level 7 in Stealth
  3729 | D:6      | Noticed Pikel
  3732 | D:6      | Reached skill level 5 in Invocations
  4206 | D:6      | Reached XP level 8. HP: 18/50 MP: 12/12
  4435 | D:6      | Killed Pikel
  4435 | D:6      | Reached skill level 8 in Stealth
  4581 | D:6      | Reached skill level 9 in Stealth
  4587 | D:6      | Found a bloodstained altar of Trog.
  4589 | D:6      | Found a shadowy altar of Dithmenos.
  4967 | D:7      | Found a blossoming altar of Fedhas.
  4973 | D:7      | Reached XP level 9. HP: 50/54 MP: 14/14
  5047 | D:7      | Reached **** piety under Zin
  5149 | D:7      | Noticed Joseph
  5535 | D:6      | HP: 1/56 [orc warrior/battleaxe (10)]
  5547 | D:6      | Zin protects you from harm!
  6324 | D:8      | Got a transparent long sword
  6325 | D:8      | Identified the +9 long sword "Peawno" {drain, Fragile rN++ Dex+4 Stlth+} (You found it on level 8 of the Dungeon)
  6508 | D:8      | Reached skill level 10 in Stealth
  6571 | D:8      | Noticed telcontar's ghost (novice MiFi)
  6589 | D:9      | Noticed a troll
  6813 | D:9      | Noticed a troll
  6952 | D:9      | Found a sacrificial altar of Ru.
  8160 | D:8      | Reached ***** piety under Zin
  8317 | D:9      | Reached skill level 10 in Invocations
  8429 | D:9      | Found a glowing golden altar of the Shining One.
  8459 | D:9      | HP: 2/56 [orc/hand axe (5)]
  8464 | D:9      | HP: 1/56 [orc/whip (2)]
  8810 | D:8      | Reached XP level 10. HP: 27/63 MP: 17/17
  9092 | D:9      | Found a radiant altar of Vehumet.
  9596 | D:8      | HP: 2/63 [wight/morningstar (5)]
  9604 | D:8      | Slain by an orc wizard

Vault maps used:
D:1:      minmay_arrival_hallway, minmay_bisected
D:2:      nicolae_overflow_hidden_temple, johnstein_pakellas_shop
D:3:      lemuel_crystal_altar, uniq_robin
D:4:      temple_pool_a, kennysheep_generic_room_4
D:5:      serial_shops, shop, shop, kennysheep_mini, first_bread,
          bh_walls_and_bars
D:6:      minitemple, minmay_fountain_box, fountainhead, uniq_pikel
D:7:      fedhas_altar_3, kennysheep_minor_cross, uniq_joseph
D:8:      kennysheep_potato
D:9:      kennysheep_little_box, vehumet_crystals, old_standard_altar,
          grunt_pizzeria, kennysheep_opposing_triangles
Temple:   oiseaux_autumnal_temple_12

Action                   |  1- 3 |  4- 6 |  7- 9 | 10-12 || total
-------------------------+-------+-------+-------+-------++-------
Melee: Unarmed           |    78 |   116 |   280 |    48 ||   522
 Fire: Hunting sling     |       |       |    14 |       ||    14
Invok: Recite            |       |       |    38 |    11 ||    49
       Vitalisation      |       |       |     2 |       ||     2
Evoke: Wand              |       |     4 |     2 |       ||     6
  Use: Scroll            |     4 |    11 |    11 |       ||    26
       Potion            |       |     7 |     8 |     1 ||    16
 Stab: Sleeping          |    11 |    14 |    15 |       ||    40
       Distracted        |       |     1 |     3 |     3 ||     7
       Confused          |       |       |     7 |     2 ||     9
       Invisible         |       |       |     4 |     2 ||     6
       Paralysed         |       |       |     4 |     1 ||     5
  Eat: Chunk             |     1 |     4 |    14 |       ||    19
       Beef jerky        |       |     1 |     1 |       ||     2
       Meat ration       |       |       |     1 |       ||     1
       Pizza             |       |       |       |     1 ||     1
